 Dungeon Crawl Stone Soup version 0.31-a0-365-gcf821cafb2 (webtiles) character file.

Game seed: 12612907438853648410

159514 freelancePsychic the Scorcher (level 16, 0/149 HPs)
             Began as a Demigod Fire Elementalist on July 27, 2023.
             Slain by a +1 heavy halberd (27 damage)
             ... on level 2 of the Elven Halls.
             The game lasted 01:13:08 (49960 turns).

freelancePsychic the Scorcher (DgFE)               Turns: 49960, Time: 01:13:09

Health: 0/149      AC: 21    Str:  7    XL:     16   Next: 61%
Magic:  28/42      EV: 20    Int: 41    God:
Gold:   710        SH:  9    Dex: 14    Spells: 9/33 levels left

rFire   . . .        r - staff of Sloth {rElec Str-2 Int+4 Air}
rCold   + . .        Z - +3 buckler
rNeg    . . .        Y - +4 troll leather armour
rPois   .            v - +1 helmet of Weirdness {Will++}
rElec   +            o - +0 cloak of Uskayaw, Flying {rC+ MP+9}
rCorr   .            c - +2 pair of gloves
SInv    .            f - +0 pair of boots
Will    +++..        W - amulet of magic regeneration
Stlth   ++           x - +4 ring of protection
HPRegen 1.24/turn    T - +5 ring of evasion
MPRegen 0.68/turn

%: no passive effects
@: no status effects
A: high MP 1, forlorn, divine attributes
a: no special abilities


You were on level 2 of the Elven Halls.
You visited 6 branches of the dungeon, and saw 27 of its levels.
You visited 1 bazaar.
You also visited: Sewer, Ossuary, Bailey and Gauntlet.

You collected 2728 gold pieces.
You spent 2018 gold pieces at shops.

Inventory:

Hand Weapons
 d - a +0 dagger of protection
Missiles
 G - 3 throwing nets
Armour
 a - a +0 robe
 c - a +2 pair of gloves (worn)
 f - a +0 pair of boots (worn)
 o - the +0 cloak of Uskayaw, Flying (worn) {rC+ MP+9}
   (You found it in a Gauntlet)

   rC:        It protects you from cold.
   MP:        It affects your magic capacity (+9).
 s - a +0 cloak of fire resistance
 v - the +1 helmet of Weirdness (worn) {Will++}
   (You bought it in a shop in a bazaar)

   Will:      It greatly increases your willpower.
 Y - a +4 troll leather armour (worn)
 Z - a +3 buckler (worn)
Magical Staves
 r - the staff of Sloth (weapon) {rElec Str-2 Int+4 Air}
   (You acquired it on level 2 of the Orcish Mines)

   [staff of air]

   Base accuracy: +5 Base damage: 5 Base attack delay: 1.2 This weapon's minimum
   attack delay (0.6) is reached at skill level 12.
   Str:       It affects your strength (-2).
   Int:       It affects your intelligence (+4).
   rElec:     It insulates you from electricity.
   Air:       It increases the power of your Air spells.
   It falls into the 'Staves' category.
   It is a one-handed weapon.
Jewellery
 m - a ring of poison resistance
 x - a +4 ring of protection (left hand)
 B - the dreamshard necklace {Acrobat *Dream}
   (You took it off a deep elf knight on level 2 of the Elven Halls)

   [amulet of the acrobat]

   *Dream:    It absorbs a single lethal wound into itself, holding its wearer
   just short of death and releasing dream-creatures to guard them.
   It increases your evasion while moving and waiting.
 N - a ring of protection from fire
 R - a +4 ring of protection
 T - a +5 ring of evasion (right hand)
 W - an amulet of magic regeneration (around neck)
 X - a ring of ice
Talismans
 t - a dragon-blood talisman
Wands
 n - a wand of iceblast (1)
 H - a wand of mindburst (25)
 M - a wand of digging (7)
 O - a wand of flame (21)
 S - a wand of paralysis (7)
Scrolls
 b - 2 scrolls of fog
 e - 4 scrolls of amnesia
 g - 4 scrolls of teleportation {@r4}
 j - 2 scrolls of poison
 k - 3 scrolls of vulnerability
 w - 3 scrolls of enchant armour
 y - 10 scrolls of enchant weapon
 E - a scroll of revelation
 J - a scroll of blinking
 K - 2 scrolls of torment
 L - 5 scrolls of silence
 P - 4 scrolls of immolation
 U - 5 scrolls of identify {@r1}
Potions
 h - 8 potions of degeneration
 i - a potion of magic
 l - 15 potions of curing {@q1}
 p - 4 potions of might
 q - 7 potions of mutation
 u - a potion of cancellation
 z - 7 potions of heal wounds {@q2}
 A - 5 potions of haste {@q3}
 C - 3 potions of brilliance
 D - 3 potions of attraction {unknown}
 F - a potion of berserk rage
 I - 4 potions of resistance
 Q - 4 potions of enlightenment
 V - 7 potions of ambrosia


   Skills:
 - Level 15.0 Fighting
 + Level 6.6 Armour
 - Level 10.0 Dodging
 - Level 1.7 Stealth
 - Level 7.0 Shields
 - Level 9.0 Spellcasting
 - Level 0.8 Conjurations
 - Level 3.0 Hexes
 * Level 15.8 Fire Magic
 - Level 11.0 Air Magic


You had 9 spell levels left.
You knew the following spells:

 Your Spells              Type           Power      Damage    Failure   Level
a - Foxfire               Conj/Fire      100%       2x1d9     1%          1
b - Scorch                Fire           100%       2d9       0%          2
c - Inner Flame           Hex/Fire       77%        N/A       1%          3
d - Plasma Beam           Fire/Air       57%        2x1d72    2%          6
e - Ignition              Fire           49%        3d14      36%         8
i - Airstrike             Air            52%        2d(8-24)  1%          4

Your spell library contained the following spells:

 Spells                   Type           Power      Damage    Failure   Level
 Cigotuvi's Dreadful Rot  Necr/Pois/Air  100%       N/A       1%          2
 Static Discharge         Conj/Air       100%       2-7/arc   1%          2
 Ignite Poison            Fire/Tmut/Pois 57%        N/A       1%          3
 Vhi's Electric Charge    Tloc/Air       100%       N/A       1%          3
 Volatile Blastmotes      Fire/Tloc      100%       2d18      1%          3
 Flame Wave               Conj/Fire      72%        2d16      1%          4
 Sticky Flame             Conj/Fire      72%        2d9       1%          4
 Magic Dart               Conj           100%       1d8       2%          1
 Mephitic Cloud           Conj/Pois/Air  66%        N/A       2%          3
 Summon Small Mammal      Summ           72%        N/A       3%          1
 Ensorcelled Hibernation  Hex/Ice        60%        N/A       3%          2
 Tukima's Dance           Hex            43%        N/A       3%          3
 Summon Lightning Spire   Summ/Air       77%        N/A       3%          4
 Fireball                 Conj/Fire      36%        3d15      3%          5
 Call Imp                 Summ           36%        N/A       5%          2
 Portal Projectile        Hex/Tloc       60%        N/A       6%          3
 Summon Guardian Golem    Hex/Summ       30%        N/A       6%          3
 Arcjolt                  Conj/Air       39%        1d49      9%          5
 Hailstorm                Conj/Ice       21%        3d6       10%         3
 Call Canine Familiar     Summ           18%        N/A       11%         3
 Ozocubu's Armour         Ice            18%        N/A       11%         3
 Starburst                Conj/Fire      36%        6d11      19%         6
 Anguish                  Hex/Necr       15%        N/A       21%         4
 Leda's Liquefaction      Hex/Erth       15%        N/A       21%         4
 Freezing Cloud           Conj/Ice/Air   33%        6-21      21%         5
 Animate Armour           Summ/Erth      36%        N/A       36%         4
 Animate Dead             Necr           18%        N/A       36%         4
 Dispel Undead            Necr           18%        3d11      36%         4
 Manifold Assault         Tloc           18%        N/A       36%         4
 Olgreb's Toxic Radiance  Pois           18%        N/A       36%         4
 Passage of Golubria      Tloc           18%        N/A       36%         4
 Summon Ice Beast         Ice/Summ       18%        N/A       36%         4
 Conjure Ball Lightning   Conj/Air       39%        3x3d13    45%         6
 Metabolic Englaciation   Hex/Ice        15%        N/A       50%         5
 Summon Mana Viper        Hex/Summ       30%        N/A       50%         5
 Yara's Violent Unravell  Hex/Tmut       15%        3d8       50%         5
 Iskenderun's Battlesphe  Conj           25%        2d8       58%         5
 Alistair's Intoxication  Tmut/Pois      12%        N/A       71%         5
 Borgnjor's Vile Clutch   Necr/Erth      9%         N/A       71%         5
 Lee's Rapid Deconstruct  Erth           9%         3d7*      71%         5
 Summon Forest            Summ/Tloc      9%         N/A       71%         5
 Maxwell's Capacitive Co  Air            52%        ∞         95%         8
 Death Channel            Necr           9%         N/A       99%         6
 Dispersal                Tloc           9%         N/A       99%         6
 Eringya's Noxious Bog    Tmut/Pois      9%         4d6       99%         6
 Simulacrum               Ice/Necr       9%         N/A       99%         6
 Summon Cactus Giant      Summ           9%         N/A       99%         6
 Enfeeble                 Hex            21%        N/A       100%        7
 Haunt                    Necr/Summ      9%         N/A       100%        7
 Orb of Destruction       Conj           12%        9d7       100%        7
 Discord                  Hex            21%        N/A       100%        8
 Disjunction              Tloc           9%         N/A       100%        8
 Infestation              Necr           9%         N/A       100%        8


Dungeon Overview and Level Annotations

Branches:
Dungeon (15/15)            Temple (0/1) D:6            Lair (5/5) D:8
 Shoals (1/4) Lair:2       Spider (1/4) Lair:2        Slime (0/5) Lair:5
    Orc (2/2) D:9             Elf (3/3) Orc:2        Vaults (0/5) D:13
 Depths (0/4) D:15          Sewer (visited)         Ossuary (visited)
 Bailey (visited)         Gauntlet (visited)

Shops:
D:3 (   D:4 :   D:10 *   D:14 *   Orc:1 !   Orc:2 ?(:[*

Annotations:
D:10 exclusion: obsidian statue
D:11 exclusion: door
D:14 Roxanne
Lair:5 1 runed translucent door, exclusion: obsidian statue
Elf:2 3 runed translucent doors
Elf:3 Mara


Innate Abilities, Weirdness & Mutations

You have an increased reservoir of magic. (+10% MP)
You shall have no god before yourself.
Your divine heritage dramatically boosts your attributes as you level up.


Message History

The +5 flail of protection hits you but does no damage.
The +1 heavy trident hits you from afar!
Mara gestures at you.
There is a horrible, sudden wrenching feeling in your soul!
The +1 heavy halberd hits you. The +5 flail of protection hits you!
You climb upwards.
Level annotation: 3 runed translucent doors
There is a stone staircase leading down here.
Casting: Plasma Beam (dangerous; 2% risk of failure)
Confirm with . or Enter, or press ? or * to list all spells.
Aiming: Airstrike (safe; 1% risk of failure)
Press: ? - help, Dir - move target, f - +5 flail of protection
Aim: a +5 flail of protection (empty space bonus: 7/8)
You feel a surge of power!
The air twists around and strikes the +5 flail of protection!
The +5 flail of protection is moderately damaged.
The +5 flail of protection hits you!
The +1 heavy halberd closely misses you.
Casting: Airstrike (safe; 1% risk of failure)
Confirm with . or Enter, or press ? or * to list all spells.
Aiming: Airstrike (safe; 1% risk of failure)
Press: ? - help, Dir - move target, f/p - +5 flail of protection
Aim: a +5 flail of protection (moderately damaged, empty space bonus: 7/8)
You feel a surge of power!
The air twists around and strikes the +5 flail of protection!
The +5 flail of protection is heavily damaged.
The +5 flail of protection completely misses you.
The +5 flail of protection hits you! The +1 heavy halberd hits you!!
* * * LOW HITPOINT WARNING * * *
Casting: Airstrike (safe; 1% risk of failure)
Confirm with . or Enter, or press ? or * to list all spells.
Aiming: Airstrike (safe; 1% risk of failure)
Press: ? - help, Dir - move target, f/p - +5 flail of protection
Aim: a +5 flail of protection (heavily damaged, empty space bonus: 7/8)
You feel a surge of power!
The air twists around and strikes the +5 flail of protection!
The +5 flail of protection is almost destroyed.
You block the +5 flail of protection's attack.
The +1 heavy halberd hits you!!
You die...

.........)..))[[#.........# #..#
............)...#.........# #).#
................########### ##...
..........................###.))<
.......)...................[[)..[
.........................[......)
###################'############'
.................(...........).).
.......)........@)...............
.................(...............
.................................
.................................
.................................
.................................
..................)..............
'#############'##################
..........^......................


You could see 2 dancing weapons.

Vanquished Creatures
  Nikola (Shoals:1)
  Rupert (Lair:5)
  Agnes (D:14)
  Kirke (Lair:4)
  Donald (Shoals:1)
  2 deep elf sorcerers
  A deep elf elementalist (Elf:1)
  Nessos (D:14)
  A minotaur (Gauntlet)
  4 dire elephants (Lair:5)
  2 ettins
  A deep elf death mage (Elf:2)
  An entropy weaver (shapeshifter) (D:12)
  4 hydras
  3 centaur warriors
  A catoblepas (Lair:2)
  4 ogre magi (Orc:2)
  3 boulder beetles
  Erica (D:9)
  A death knight (D:15)
  A merfolk aquamancer (Shoals:1)
  16 two-headed ogres
  12 dancing weapons
  2 death yaks (Lair:5)
  2 tengu warriors (D:15)
  A fire crab (Shoals:1)
  A soul eater (Gauntlet)
  4 skysharks
  10 deep elf knights
  Lodul (D:13)
  A spectral death yak (Lair:5)
  7 skeletal warriors
  2 deep trolls (D:15)
  A sea snake (shapeshifter) (D:12)
  A spectral anaconda (Lair:5)
  A sea snake (Shoals:1)
  Pikel (D:4)
  A wizard (D:15)
  A swamp dragon (shapeshifter) (Elf:1)
  21 deep elf pyromancers
  28 deep elf zephyrmancers
  10 deep elf archers
  2 orc knights
  6 necromancers
  2 orc sorcerers
  17 ugly things
  5 cyclopes
  3 manticores
  An oklob plant (Lair:5)
  A black mamba (shapeshifter) (D:13)
  17 elephants
  2 merfolk sirens (Shoals:1)
  A water nymph (Shoals:1)
  A cane toad (shapeshifter) (D:15)
  2 gargoyles
  5 black mambas
  13 cane toads
  4 rime drakes
  An unseen horror (D:12)
  2 freezing wraiths
  10 komodo dragons
  2 efreet
  2 kobold demonologists (D:13)
  A tengu conjurer (D:13)
  10 merfolk (Shoals:1)
  6 meliai
  2 polar bears
  A queen bee (Lair:4)
  7 trolls
  2 wind drakes (Shoals:1)
  A spectral elephant (Lair:5)
  2 snapping turtles
  Grinder (D:5)
  A raiju (Gauntlet)
  19 blink frogs
  4 dream sheep (Lair:3)
  14 slime creatures
  5 air elementals
  4 shadows
  A centaur simulacrum (D:13)
  3 wraiths
  40 yaks
  4 water elementals
  3 fire bats (Shoals:1)
  3 steam dragons
  4 basilisks
  3 fire elementals
  5 hogs
  5 wyverns
  2 death yak simulacra (Lair:5)
  14 vampire mosquitoes
  Edmund (D:4)
  A warg (Orc:2)
  Menkaure (D:7)
  11 water moccasins
  20 orc warriors
  2 ice beasts
  A meliai simulacrum (D:13)
  2 black bears
  A sky beast (D:6)
  38 ogres
  An elephant zombie (Lair:5)
  An elephant skeleton (Lair:5)
  2 centaurs (D:8)
  A wolf (D:12)
  A lemure (D:4)
  4 kobold brigands
  Blork the orc (D:4)
  8 bullfrogs
  An earth elemental (Elf:1)
  A gnoll sergeant (D:10)
  2 cane toad simulacra (Lair:5)
  7 scorpions
  4 wights (D:8)
  31 killer bees
  4 electric eels
  4 howler monkeys
  3 centaur zombies (Ossuary)
  A human zombie (Ossuary)
  8 hounds
  3 jellies
  Crazy Yiuf (D:7)
  16 orc priests
  2 gnoll boudas
  26 orc wizards
  3 iguanas
  2 lightning spires (Gauntlet)
  A boggart simulacrum (D:13)
  4 mummies (Ossuary)
  16 gnolls
  9 adders
  4 shadow imps
  5 white imps
  An ufetubus (D:6)
  3 worms
  4 dart slugs
  65 orcs
  11 ball pythons
  6 endoplasms
  A giant cockroach (D:2)
  2 gnoll zombies (Ossuary)
  3 hobgoblins
  3 jackals (D:4)
  A quokka (D:3)
  3 bats
  2 frilled lizards
  3 goblins
  A hobgoblin zombie (Ossuary)
  27 kobolds
  An orc zombie (Ossuary)
  8 rats
  A rat zombie (D:6)
827 creatures vanquished.

Vanquished Creatures (collateral kills)
  A foxfire (Lair:1)
1 creature vanquished.

Vanquished Creatures (others)
  A deep elf zephyrmancer (Elf:1)
  A human (Lair:4)
  An orc wizard (Orc:1)
  404 foxfires
407 creatures vanquished.

Grand Total: 1235 creatures vanquished

Notes
Turn   | Place    | Note
-------+----------+-------------------------------------------
     0 | D:1      | freelancePsychic the Demigod Fire Elementalist began the
                  | quest for the Orb.
     0 | D:1      | Reached XP level 1. HP: 14/14 MP: 5/5
   297 | D:1      | Reached XP level 2. HP: 16/22 MP: 2/7
   300 | D:1      | Learned a level 2 spell: Scorch
   417 | D:1      | Reached skill level 1 in Fighting
  1084 | D:2      | Reached XP level 3. HP: 28/28 MP: 2/8
  1778 | D:3      | Reached skill level 1 in Hexes
  1778 | D:3      | Identified a scroll of acquirement
  1778 | D:3      | Acquired the +2 pair of boots of the Lychee {+Inv Fly
                  | Str-5}
  1830 | D:3      | Found a glowing drain.
  1875 | Sewer    | Entered a sewer
  1883 | Sewer    | Noticed a kobold brigand
  1894 | Sewer    | Killed a kobold brigand
  1895 | Sewer    | Reached XP level 4. HP: 36/37 MP: 1/9
  2026 | Sewer    | Learned a level 3 spell: Inner Flame
  2034 | Sewer    | Noticed a kobold brigand
  2046 | Sewer    | Killed a kobold brigand
  2047 | Sewer    | Reached XP level 5. HP: 37/42 MP: 4/10
  2780 | D:3      | Found Faudeos's Weapon Emporium.
  3426 | D:4      | Reached XP level 6. HP: 51/51 MP: 1/11
  3830 | D:4      | Noticed Edmund
  3971 | D:4      | Noticed Blork the orc
  3975 | D:4      | Killed Blork the orc
  4173 | D:4      | Found Rigaluck's Book Emporium.
  4307 | D:4      | Noticed Pikel
  4475 | D:4      | Killed Pikel
  4476 | D:4      | Reached skill level 5 in Fire Magic
  4476 | D:4      | Reached XP level 7. HP: 60/60 MP: 1/14
  4517 | D:5      | Entered Level 5 of the Dungeon
  4611 | D:4      | Reached skill level 5 in Fighting
  4694 | D:4      | Killed Edmund
  4695 | D:4      | Reached XP level 8. HP: 68/68 MP: 1/15
  6171 | D:5      | Noticed Grinder
  6176 | D:5      | Killed Grinder
  6537 | D:6      | Reached skill level 1 in Air Magic
  6896 | D:6      | Found a sand-covered staircase.
  6903 | Ossuary  | Entered an ossuary
  7270 | Ossuary  | Reached XP level 9. HP: 79/79 MP: 5/16
  8024 | D:6      | Found a staircase to the Ecumenical Temple.
  9000 | D:7      | Found a runed translucent door.
  9001 | D:7      | Noticed Crazy Yiuf
  9208 | D:7      | Noticed a +0 spear
  9208 | D:7      | Noticed a +0 falchion
  9208 | D:7      | Noticed a +0 dagger
  9209 | D:7      | Noticed a +0 short sword
  9210 | D:7      | Noticed a +0 dagger
  9211 | D:7      | Noticed a +0 short sword
  9211 | D:7      | Noticed a +0 spear
  9211 | D:7      | Noticed a +0 falchion
  9919 | D:7      | Noticed a komodo dragon
  9926 | D:7      | Noticed Menkaure
 10300 | D:7      | Killed Menkaure
 10352 | D:7      | Killed a komodo dragon
 10600 | D:7      | Killed Crazy Yiuf
 10746 | D:8      | Noticed an elephant
 11201 | D:8      | Reached XP level 10. HP: 84/88 MP: 4/17
 11651 | D:8      | Reached skill level 5 in Air Magic
 11810 | D:8      | Killed an elephant
 11957 | D:8      | Found a staircase to the Lair.
 12408 | D:4      | Bought a book of Fire for 320 gold pieces
 12575 | D:9      | Noticed Erica
 12580 | D:9      | Killed Erica
 12726 | D:9      | Gained mutation: You have sharp toenails. [potion of
                  | mutation]
 12726 | D:9      | Lost mutation: You have sharp toenails. [potion of
                  | mutation]
 13745 | D:9      | Reached skill level 5 in Dodging
 14254 | D:9      | Found a staircase to the Orcish Mines.
 14541 | D:10     | Entered Level 10 of the Dungeon
 14667 | D:10     | Found a flagged portal.
 14856 | Bailey   | Entered a bailey
 15179 | Bailey   | Noticed an orc knight
 15185 | Bailey   | Reached XP level 11. HP: 76/97 MP: 7/19
 15191 | Bailey   | Killed an orc knight
 15192 | Bailey   | Reached skill level 10 in Fire Magic
 15486 | D:10     | Noticed a two-headed ogre
 15490 | D:10     | Killed a two-headed ogre
 15552 | D:10     | Noticed an obsidian statue
 15898 | D:10     | Found Zin's Purification Station.
 15917 | D:10     | Noticed a two-headed ogre
 15921 | D:10     | Killed a two-headed ogre
 16903 | D:11     | Learned a level 6 spell: Plasma Beam
 17168 | D:11     | Noticed a boulder beetle
 17880 | D:12     | Reached skill level 10 in Fighting
 18209 | D:12     | Noticed a boulder beetle
 18328 | Lair:1   | Entered Level 1 of the Lair of Beasts
 18679 | Lair:1   | Identified the +0 leather armour "Vononel" {rPois Str+3}
 19451 | Lair:2   | Noticed a boulder beetle
 19461 | Lair:2   | Killed a boulder beetle
 19684 | Lair:2   | Found a hole to the Spider Nest.
 19779 | Lair:2   | Found a gate leading to a gauntlet.
 19786 | Gauntlet | Entered a Gauntlet
 19786 | Gauntlet | Found a large runed translucent door.
 19786 | Gauntlet | Found a large runed translucent door.
 19786 | Gauntlet | Found a large runed translucent door.
 19786 | Gauntlet | Found a large runed translucent door.
 19786 | Gauntlet | Found a large runed translucent door.
 19786 | Gauntlet | Found a large runed translucent door.
 19786 | Gauntlet | Found a runed translucent door.
 19786 | Gauntlet | Found a transporter.
 19786 | Gauntlet | Found a transporter.
 19786 | Gauntlet | Found a runed translucent door.
 19786 | Gauntlet | Found a large runed translucent door.
 19786 | Gauntlet | Found a large runed translucent door.
 19786 | Gauntlet | Found a large runed translucent door.
 19786 | Gauntlet | Found a large runed translucent door.
 19786 | Gauntlet | Found a large runed translucent door.
 19786 | Gauntlet | Found a large runed translucent door.
 19807 | Gauntlet | Found a transporter.
 19807 | Gauntlet | Found a transporter.
 19808 | Gauntlet | Found a large runed translucent door.
 19808 | Gauntlet | Found a large runed translucent door.
 19808 | Gauntlet | Found a large runed translucent door.
 19808 | Gauntlet | Found a large runed translucent door.
 19809 | Gauntlet | Noticed a blizzard demon
 19817 | Gauntlet | Found a transporter.
 19827 | Gauntlet | Found a transporter.
 19827 | Gauntlet | Found a transporter.
 19851 | Gauntlet | Found a transporter.
 19858 | Gauntlet | Found a transporter.
 19865 | Gauntlet | Noticed a glowing orange brain
 19872 | Gauntlet | Found a transporter.
 19900 | Gauntlet | Found a runed translucent gate.
 19900 | Gauntlet | Found a runed translucent gate.
 19900 | Gauntlet | Found a runed translucent gate.
 19902 | Gauntlet | Found a transporter.
 19906 | Gauntlet | Noticed a catoblepas
 19932 | Gauntlet | Noticed a soul eater
 19938 | Gauntlet | Found a transporter.
 19947 | Gauntlet | Found a transporter.
 19961 | Gauntlet | Found a transporter.
 20061 | Gauntlet | Found a transporter.
 20075 | Gauntlet | Found a transporter.
 20186 | Gauntlet | Killed a soul eater
 20294 | Gauntlet | Reached XP level 12. HP: 106/107 MP: 1/20
 20415 | Gauntlet | Identified the +0 cloak of Uskayaw, Flying {rC+ MP+9}
 20861 | Gauntlet | Noticed a minotaur
 20883 | Gauntlet | Killed a minotaur
 22061 | Lair:2   | Noticed a catoblepas
 22071 | Lair:2   | Killed a catoblepas
 22430 | Lair:2   | Found a staircase to the Shoals.
 25598 | Lair:4   | Reached XP level 13. HP: 116/116 MP: 1/22
 27583 | Lair:5   | Entered Level 5 of the Lair of Beasts
 27729 | Lair:5   | Noticed Rupert
 27731 | Lair:5   | Killed Rupert
 28000 | Lair:4   | Reached skill level 5 in Spellcasting
 28086 | Lair:5   | Noticed Kirke
 28664 | Lair:5   | Reached skill level 10 in Air Magic
 28825 | Lair:4   | Noticed a sphinx
 28825 | Lair:4   | Killed Kirke
 29079 | Lair:5   | Noticed a dire elephant
 29079 | Lair:5   | Noticed a dire elephant
 29079 | Lair:5   | Noticed a dire elephant
 29750 | Lair:5   | Found a runed translucent door.
 29757 | Lair:5   | Noticed an acid blob
 29784 | Lair:5   | Found a staircase to the Slime Pits.
 30384 | Lair:5   | Noticed a dire elephant
 31078 | Lair:5   | Reached XP level 14. HP: 127/127 MP: 12/27
 31564 | Lair:5   | Reached skill level 10 in Dodging
 34261 | D:12     | Reached skill level 1 in Shields
 35355 | D:13     | Found a gate to the Vaults.
 35554 | D:14     | Noticed Agnes
 35817 | Orc:1    | Entered Level 1 of the Orcish Mines
 36332 | Orc:1    | Found Hyecrala's Distillery.
 36340 | Orc:1    | Bought a potion of brilliance for 56 gold pieces
 36340 | Orc:1    | Bought a potion of magic for 112 gold pieces
 37228 | Orc:2    | Entered Level 2 of the Orcish Mines
 37237 | Orc:2    | Reached skill level 5 in Shields
 38218 | Orc:2    | Found Antuf's Magic Scroll Emporium.
 38226 | Orc:2    | Bought a scroll of acquirement for 624 gold pieces
 38226 | Orc:2    | Acquired the staff of Sloth {rElec Str-2 Int+4 Air}
 39141 | Orc:2    | Reached XP level 15. HP: 137/137 MP: 21/31
 39155 | Orc:2    | Paralysed by an ogre mage for 2 turns
 39771 | Orc:2    | Found a staircase to the Elven Halls.
 39814 | Orc:2    | Found Ekheina's General Store.
 39814 | Orc:2    | Found Debejap's Antique Armour Shoppe.
 39815 | Orc:2    | Found Jumny's Book Shoppe.
 39815 | Orc:2    | Found Usiloud's Weapon Shop.
 40181 | D:14     | Noticed Roxanne
 40185 | D:14     | Noticed Nessos
 40189 | D:14     | Killed Nessos
 40224 | D:14     | Killed Agnes
 40363 | D:14     | Noticed Lodul
 40518 | D:13     | Killed Lodul
 41699 | D:14     | Found Geluy's Fire Supplies.
 41714 | D:14     | Bought a +0 cloak of fire resistance for 161 gold pieces
 42160 | D:15     | Entered Level 15 of the Dungeon
 42858 | D:15     | Reached skill level 15 in Fighting
 42889 | D:15     | Found a flickering gateway to a bazaar.
 42910 | Bazaar   | Entered a bazaar
 42910 | Bazaar   | Found Qumnyd Anwo's Antique Weapon Shop.
 43063 | Bazaar   | Found Iblist's Antique Armour Shop.
 43083 | Bazaar   | Found Xirac's General Store.
 43111 | Bazaar   | Bought a dazzling helmet for 285 gold pieces
 43111 | Bazaar   | Identified the +1 helmet of Weirdness {Will++} (You bought
                  | it in a shop in a bazaar)
 43133 | D:15     | Reached skill level 1 in Armour
 43271 | D:15     | Identified the +4 bardiche of Rublea {pain, rElec rPois
                  | Dex+4}
 43321 | D:15     | Found a staircase to the Depths.
 43435 | D:15     | Identified the +1 ring mail of the Demon Prince {Str+2}
 44043 | Shoals:1 | Entered Level 1 of the Shoals
 44092 | Shoals:1 | Noticed Nikola
 44095 | Shoals:1 | Killed Nikola
 44354 | Shoals:1 | Identified the +3 kite shield "Ishryg Ubur" {Rampage
                  | Slay+2}
 44354 | Shoals:1 | Noticed Donald
 44507 | Shoals:1 | Killed Donald
 45772 | Spider:1 | Entered Level 1 of the Spider Nest
 45925 | D:4      | Bought the Unrestrained Analects for 460 gold pieces
 45934 | D:4      | Learned a level 8 spell: Ignition
 46146 | Elf:1    | Entered Level 1 of the Elven Halls
 46223 | Elf:1    | Learned a level 4 spell: Airstrike
 46311 | Elf:1    | Reached XP level 16. HP: 141/149 MP: 4/33
 46749 | Elf:1    | Paralysed by an air elemental for 1 turns
 47707 | Elf:2    | Reached skill level 5 in Armour
 47724 | Elf:2    | Paralysed by an air elemental for 1 turns
 48174 | Elf:1    | Reached skill level 15 in Fire Magic
 49570 | Elf:2    | Found a runed translucent gate.
 49571 | Elf:2    | Found a runed translucent gate.
 49571 | Elf:2    | Found a runed translucent gate.
 49810 | Elf:3    | Entered Level 3 of the Elven Halls
 49816 | Elf:3    | Noticed Mara
 49960 | Elf:2    | Slain by a +1 heavy halberd

Illustrated notes

Levels and vault maps discovered:
D:1:      erik_arrival_triangle_small, layout_rooms, minmay_small_reverse_x
D:2:      layout_loops_ring, chequers_serial_rivers_large_b,
          minmay_tree_intersection, minmay_distorted
D:3:      layout_basic, cheibrodos_sewer_entry_sluice, serial_shops, shop,
          minmay_misc_feat_chi, roderic_lattice_a
D:4:      layout_basic, serial_shops, nicolae_shop_tiny_real_fake_doors,
          corexii_leaking_fountain, uniq_pikel, uniq_edmund, uniq_blork_the_orc
D:5:      layout_loops_cross, uniq_grinder
D:6:      layout_basic, mainiacjoe_overflow_boulevard,
          mainiacjoe_overflow_alcove_2, general_overflow_altar,
          minmay_temple_entry_tees, enter_ossuary_3
D:7:      layout_layer_cave, mainiacjoe_overflow_paths,
          nicolae_uskayaw_en_pointe, gammafunk_temple_overflow_statue,
          minmay_crystal_water, minmay_small_thing, uniq_crazy_yiuf_cottage,
          uniq_menkaure
D:8:      layout_gridville, david_lair_generic
D:9:      layout_basic, overflow_temple_1_default, lemuel_tele_altar,
          david_orc_4, kennysheep_another_room, fountainhead, uniq_erica
D:10:     layout_basic, zin_purify, enter_bailey_8, minivault_16,
          minmay_misc_feat_columns
D:11:     layout_gridville
D:12:     layout_grid_maze
D:13:     layout_rooms, david_vaults_1, serial_ice, serial_ice_a, serial_ice_h,
          serial_ice_f, serial_ice_l
D:14:     layout_layer_cave, elyvilon_altar_3, nicolae_shop_fire_sale
          [nicolae_sub_dead_trees], lemuel_old_faithful, uniq_nessos,
          uniq_agnes, uniq_roxanne, uniq_lodul
D:15:     hangedman_depths_entry_civil_slaughter, layout_small_grid,
          abandoned_shop, serial_shops, bzr_entry_gold, hex_tiny
Lair:1:   layout_cave_shapes, st_stairs_8
Lair:2:   layout_small_grid, minmay_shoals_entry_hut, dummy_spider_entry,
          gauntlet_entry_generic
Lair:3:   layout_regular_city
Lair:4:   layout_roguey [special_room_bee]
Lair:5:   due_jungle_book, layout_long_grid, slime_entry_2, uniq_kirke,
          uniq_rupert
Shoals:1: layout_shoals, hangedman_shoal_volcano, uniq_nikola, uniq_donald
Spider:1: layout_spider_delve, hangedman_spider_mandibles,
          nicolae_spider_baby_got_redback
Orc:1:    layout_caves, serial_shops, nicolae_shop_industrial_runoff,
          nicolae_orc_lava_tube, dreamdust_deal_with_the_devil,
          elves_outpost_lemuel
Orc:2:    st_orc_ogre_mass, layout_caves, serial_shops, shop
Elf:1:    eino_elf_arrival_altar, layout_loops_cross, hangedman_corner_corridor
Elf:2:    nicolae_elf_blades_crystal_corner, layout_onion_city,
          lemuel_upstairs_altar
Elf:3:    elf_hall, layout_rooms, basic_altar, serial_sigils,
          serial_sigils_hangedman_shear, serial_sigils_hangedman_shear,
          serial_sigils_hangedman_gut, serial_sigils_hangedman_snap,
          serial_sigils_hangedman_stare, palyth_stone_intersect, uniq_mara

Skill      XL: |  1  2  3  4  5  6  7  8  9 10 11 12 13 14 15 16 |
---------------+-------------------------------------------------+-----
Spellcasting   | 2 3 4 5 8 9 |  9.0
Fire Magic     | 3 4 5 6 7 9 11 12 14 15 | 15.8
Fighting       | 1 2 3 4 5 7 8 9 10 11 12 13 15 | 15.0
Hexes          | 1 2 3 |  3.0
Air Magic      | 1 4 6 7 9 10 11 | 11.0
Dodging        | 3 5 7 8 9 10 | 10.0
Shields        | 6 7 |  7.0
Armour         | 3 6 |  6.6
Stealth        | |  1.7
Conjurations   | |  0.8

Action                     |  1- 3 |  4- 6 |  7- 9 | 10-12 | 13-15 | 16-18 || total
---------------------------+-------+-------+-------+-------+-------+-------++-------
  Melee: Dagger            |    23 |    16 |    65 |    84 |    55 |       ||   243
         Punch             |       |       |       |     3 |       |       ||     3
         Staff             |       |       |       |       |    63 |     9 ||    72
   Cast: Foxfire           |    46 |    32 |    55 |    85 |    16 |       ||   234
         Scorch            |    19 |    49 |   149 |   286 |    38 |       ||   541
         Inner Flame       |       |     4 |    30 |    57 |    12 |       ||   103
         Plasma Beam       |       |       |       |    76 |   477 |   103 ||   656
         Airstrike         |       |       |       |       |       |    36 ||    36
  Evoke: Wand              |       |       |     2 |     9 |    19 |       ||    30
    Use: Scroll            |     5 |     4 |     7 |    12 |    18 |       ||    46
         Potion            |     1 |     1 |     1 |     6 |     5 |     1 ||    15
   Stab: Sleeping          |     1 |       |     2 |       |       |       ||     3
         Invisible         |       |       |     1 |     1 |       |       ||     2
 Armour: Robe              |    10 |    11 |    68 |   111 |    74 |       ||   274
         Skin              |       |     5 |       |       |       |       ||     5
         Troll leather arm |       |       |       |       |    40 |    22 ||    62
  Dodge: Dodged            |    20 |    19 |    80 |   231 |   370 |    54 ||   774
  Block: Buckler           |       |       |       |       |   170 |    37 ||   207
         Other             |       |       |       |       |    33 |       ||    33
         Reflection        |       |       |       |       |     9 |    12 ||    21

Table legend: (Time is in decaauts)
 A = Elapsed time spent in this place.
 B = Non-inter-level travel time spent in this place.
 C = Inter-level travel time spent in this place.
 D = Time resting spent in this place.
 E = Time spent auto-exploring this place.
 F = Levels seen in this place.
 G = Mean time per level.
                   A        B        C        D        E       F      G
               +--------+--------+--------+--------+--------+-----+--------+
         Total |  50181 |  46941 |   3240 |   8133 |  33150 |  32 | 1568.2 |
       Dungeon |  24306 |  21897 |   2409 |   2318 |  16930 |  15 | 1620.4 |
          Lair |  13110 |  12530 |    580 |   3341 |   8006 |   5 | 2622.0 |
        Shoals |   1473 |   1432 |     41 |      0 |   1198 |   1 | 1473.0 |
   Spider Nest |     18 |     18 |      0 |      0 |      8 |   1 |   18.0 |
  Orcish Mines |   3939 |   3815 |    124 |   1275 |   2115 |   2 | 1969.5 |
   Elven Halls |   3828 |   3745 |     83 |   1106 |   2186 |   3 | 1276.0 |
        Bazaar |    220 |    220 |      0 |      0 |    178 |   1 |  220.0 |
         Sewer |    710 |    710 |      0 |      0 |    537 |   1 |  710.0 |
       Ossuary |    661 |    661 |      0 |      3 |    546 |   1 |  661.0 |
        Bailey |    611 |    611 |      0 |     13 |    482 |   1 |  611.0 |
      Gauntlet |   1299 |   1299 |      0 |     77 |    963 |   1 | 1299.0 |
               +--------+--------+--------+--------+--------+-----+--------+

Top non-repeatable levels by time:
  Lair:4: 3458 daAuts
  Lair:2: 3451 daAuts
  Lair:5: 2903 daAuts
    D:12: 2820 daAuts
   Orc:1: 2768 daAuts
     D:7: 2645 daAuts
     D:9: 2639 daAuts
   Elf:1: 2597 daAuts
    D:14: 1965 daAuts
  Lair:3: 1948 daAuts
    D:13: 1869 daAuts
     D:4: 1664 daAuts
    D:10: 1592 daAuts
     D:6: 1581 daAuts
     D:5: 1507 daAuts
